 Dungeon Crawl Stone Soup version 0.21-a0-278-ga722497 (webtiles) character file.

73 motkurip the Shield-Bearer (level 4, 0/28 HPs)
             Began as a Gargoyle Fighter on Sept 20, 2017.
             Was an Initiate of Makhleb.
             Slain by Grinder (1 damage)
             ... on level 3 of the Dungeon.
             The game lasted 00:05:05 (831 turns).

motkurip the Shield-Bearer (Gargoyle Fighter)        Turns: 831, Time: 00:05:05

Health: 0/28       AC: 10    Str: 19    XL:     4   Next: 27%
Magic:  4/4        EV:  7    Int: 10    God:    Makhleb [......]
Gold:   59         SH:  9    Dex:  9    Spells: 3/3 levels left

rFire    . . .     SeeInvis .   a - +0 war axe
rCold    . . .     Gourm    .   c - +0 shield
rNeg     + . .     Faith    .   h - +0 scale mail (curse)
rPois    ∞         Spirit   .   (no helmet)
rElec    +         Reflect  .   (no cloak)
rCorr    .         Harm     .   (no gloves)
MR       .....                  (no boots)
Stlth    ..........             (no amulet)
HPRegen  0.09/turn              (no ring)
MPRegen  0.09/turn              (no ring)

@: no status effects
A: negative energy resistance 1, electricity resistance, unbreathing,
petrification resistance, rot immunity, AC +3
a: Renounce Religion


You were on level 3 of the Dungeon.
You worshipped Makhleb.
Makhleb was noncommittal.
You were not hungry.

You visited 1 branch of the dungeon, and saw 3 of its levels.

You collected 59 gold pieces.

Inventory:

Hand Weapons
 a - a +0 war axe (weapon)
Missiles
 j - 7 tomahawks (quivered)
Armour
 c - a +0 shield (worn)
 h - a cursed +0 scale mail (worn)
Scrolls
 b - a scroll of fear {unknown}
 e - 3 scrolls of remove curse {unknown}
 g - 2 scrolls of identify {unknown}
 l - a scroll of amnesia {unknown}
 m - a scroll of enchant weapon {unknown}
 n - 2 scrolls of blinking {unknown}
Potions
 d - a potion of might
 i - a potion of curing {unknown}
Comestibles
 f - 2 bread rations
 k - a meat ration


   Skills:
 - Level 3.2 Fighting
 * Level 3.4 Axes
 - Level 3.2 Armour
 + Level 4.1 Shields


You had 3 spell levels left.
You didn't know any spells.

Dungeon Overview and Level Annotations

Branches:
Dungeon (3/15)

Altars:
Makhleb
Xom

Annotations:
D:3 Grinder


Innate Abilities, Weirdness & Mutations

You are resistant to torment.
Your stone body is resilient. (AC +3)
You are immune to poison.
You resist negative energy. (rN+)
You are resistant to electric shocks. (rElec)
You can survive without breathing.
You are immune to petrification.
You are immune to rotting.


Message History

You closely miss Grinder.
Grinder is lightly wounded.
Grinder gestures at you. Pain shoots through your body!
You hit Grinder but do no damage.
Grinder is lightly wounded.
Grinder hits you.
* * * LOW HITPOINT WARNING * * *
Grinder says, "At least Makhleb appreciates what I'm doing."
Grinder hits you but does no damage.
Unknown command.
You hit Grinder but do no damage.
Grinder is lightly wounded.
Grinder barely misses you.
You closely miss Grinder.
Grinder is lightly wounded.
Grinder barely misses you. Grinder hits you.
* * * LOW HITPOINT WARNING * * *
You writhe in agony.
You die...

........###.##########
####.##†#............#
#..#.#.#.#######.##
#.#.#...#<# #.#
#.#.#####.# #.#
#.#.#####.# #.#
#...#.....# #.#
##..#.#########.#
#@.#...........#
##5############# ....
......# g..>.....
........<#.
...§.....##
...........


You could see Grinder.

Vanquished Creatures
  2 adders
  2 worms
  A dart slug (D:2)
  A giant cockroach (D:2)
  8 goblins
  10 hobgoblins
  3 jackals (D:1)
  A ball python (D:2)
  7 bats
  3 frilled lizards
  4 kobolds (D:1)
  2 rats
44 creatures vanquished.

Vanquished Creatures (others)
  11 toadstools (D:2)
11 creatures vanquished.

Grand Total: 55 creatures vanquished

Notes
Turn   | Place    | Note
-------+----------+-------------------------------------------
     0 | D:1      | motkurip the Gargoyle Fighter began the quest for the Orb.
     0 | D:1      | Reached XP level 1. HP: 14/14 MP: 1/1
     0 | D:1      | Noticed a gargoyle
     1 | D:1      | Noticed an elf
     5 | D:1      | Noticed a felid
     6 | D:1      | Noticed a vampire
    10 | D:1      | Noticed a minotaur skeleton
    12 | D:1      | Noticed a centaur
    14 | D:1      | Noticed a formicid
    98 | D:1      | Reached XP level 2. HP: 19/19 MP: 2/2
   295 | D:2      | Reached XP level 3. HP: 16/23 MP: 3/3
   485 | D:2      | Found a shimmering altar of Xom.
   492 | D:2      | Found a burning altar of Makhleb.
   501 | D:2      | Became a worshipper of Makhleb the Destroyer
   691 | D:2      | Reached XP level 4. HP: 27/28 MP: 4/4
   767 | D:3      | Reached skill level 4 in Shields
   811 | D:3      | Noticed Grinder
   831 | D:3      | HP: 1/28 [Grinder (3)]
   831 | D:3      | Slain by Grinder

Vault maps used:
D:1:      shiori_arrival_whats_in_store_for_you, kennysheep_boxes
D:2:      cheibrodos_fertilizer, grunt_temple_overflow_open, first_bread,
          kennysheep_generic_room_3
D:3:      good_gods_mini_temple, chequers_ecumenical_altar_simple,
          nicolae_ru_awakened_eye, uniq_grinder

Skill      XL: |  1  2  3  4 |
---------------+-------------+-----
Axes           | 2 3 |  3.4
Shields        | 4 |  4.1
Fighting       | |  3.2
Armour         | |  3.2

Action                   |  1- 3 |  4- 6 || total
-------------------------+-------+-------++-------
Melee: War axe           |   122 |    39 ||   161
Armor: Scale mail        |    72 |    16 ||    88
Dodge: Dodged            |    38 |    14 ||    52
Block: Shield            |    65 |    17 ||    82

Table legend:
 A = Spawn XP
 B = Non-spawn XP
 C = Spawn XP percentage of total XP
 D = Spawn monster count
 E = Non-spawn monster count
 F = Spawn count percentage of total count
 G = Total turns spent on level
                    A         B        C        D         E        F      G
               +---------+---------+-------+---------+---------+-------+---------
         Total |       0 |     105 |   0.0 |       0 |      44 |   0.0 |   831
               +---------+---------+-------+---------+---------+-------+---------
           D:1 |       0 |      36 |   0.0 |       0 |      21 |   0.0 |   355
           D:2 |       0 |      48 |   0.0 |       0 |      19 |   0.0 |   369
           D:3 |       0 |      21 |   0.0 |       0 |       4 |   0.0 |   107
               +---------+---------+-------+---------+---------+-------+---------
